 Dungeon Crawl Stone Soup version 0.20.1-1-g8b1a95d (webtiles) character file.

405 Schiappus the Chopper (level 6, -4/49 HPs)
             Began as a Demonspawn Berserker on Sept 19, 2017.
             Was a Priest of Trog.
             Killed by nerve-wracking pain
             ... invoked by a shadow imp
             ... summoned by Natasha
              (14 damage)
             ... on level 3 of the Dungeon.
             The game lasted 00:10:17 (3436 turns).

Schiappus the Chopper (Demonspawn Berserker)        Turns: 3436, Time: 00:10:18

Health: -4/49      AC:  0    Str: 17    XL:     6   Next: 56%
Magic:  6/6        EV: 16    Int:  8    God:    Trog [***...]
Gold:   109        SH:  0    Dex: 15    Spells: 5/5 levels left

rFire    . . .     SeeInvis .   (weapon currently unavailable)
rCold    . . .     Gourm    .   (shield currently unavailable)
rNeg     . . .     Faith    .   (armour currently unavailable)
rPois    .         Spirit   .   (helmet currently unavailable)
rElec    .         Reflect  .   (cloak currently unavailable)
rCorr    .         Harm     .   (gloves currently unavailable)
MR       .....                  (boots currently unavailable)
Stlth    ++........             s - amulet of magic regeneration
Regen    0.2/turn               (ring currently unavailable)
MPRegen  0.2/turn               (ring currently unavailable)

@: pig-form, very quick
A: freezing cloud immunity
a: Berserk, Trog's Hand, Burn Spellbooks, Renounce Religion


You were on level 3 of the Dungeon.
You worshipped Trog.
Trog was most pleased with you.
You were not hungry.
You were a filthy swine.
You visited 1 branch of the dungeon, and saw 3 of its levels.

You collected 109 gold pieces.

Inventory:

Hand Weapons
 a - a +0 hand axe (melded)
Armour
 n - a +0 scale mail (melded)
Jewellery
 s - an amulet of magic regeneration (around neck)
Scrolls
 e - 2 scrolls of remove curse
 f - a scroll of teleportation {unknown}
 h - a scroll of identify
 q - a scroll of blinking
Potions
 b - a potion of cancellation {unknown}
 d - a potion of resistance
 g - a potion of haste
Comestibles
 c - 3 bread rations
 k - 6 royal jellies


   Skills:
 + Level 4.5 Fighting
 + Level 4.9 Axes
 + Level 2.4 Armour
 + Level 3.1 Dodging
 + Level 0.8 Stealth


You had 5 spell levels left.
You didn't know any spells.

Dungeon Overview and Level Annotations

Branches:
Dungeon (3/15)

Altars:

Annotations:
D:3 Natasha


Innate Abilities, Weirdness & Mutations

((You have a pair of small antennae on your head.))
((Your flesh is cold resistant. (rC+)))
((You are partially covered in sharp spines.))
You are immune to freezing clouds.


Message History

Natasha is heavily wounded.
Natasha misses you. The shadow imp hits you.
* * * LOW HITPOINT WARNING * * *
You hit Natasha.
Natasha is severely wounded.
Natasha misses you. The shadow imp barely misses you.
You hit Natasha.
Natasha is almost dead.
Natasha closely misses you. The shadow imp closely misses you.
You hit Natasha but do no damage.
Natasha is almost dead.
The frilled lizard hisses.
Natasha howls an incantation.
You feel disoriented.
Natasha casts a spell.
You hit Natasha.
Natasha is almost dead.
The frilled lizard misses you. The shadow imp gestures at you.
Pain shoots through your body!
You die...

.........########.## .#.........
.#..###..########.[##.#..........
.........##......................
.........#..######..#....#####+##
.##.######.. ##.#....# .
#......#..#######......#
###.##.###......5........#
............####5###..#..#
####....###....hhl.........
####...<# ######.###..#..#.
...'....# #.# 5.#..# ####....#
#.# ..# .# # #....##### #.. ... #
#####'#.....# ... ...
......#####.# ###. #####.# . #.#
..


You could see Natasha, a white imp, a shadow imp and a frilled lizard.

Vanquished Creatures
  An ice beast (D:3)
  The ghost of jmlagarto the Skirmisher, an amateur DsFi (D:3)
  A crimson imp (D:3)
  An orc wizard (D:3)
  Terence (D:2)
  Robin (D:2)
  3 adders
  2 oozes
  A worm (D:2)
  6 dart slugs
  2 leopard geckos
  4 orcs (D:3)
  A ball python (D:1)
  5 giant cockroaches
  10 hobgoblins
  3 jackals (D:1)
  2 kobolds (D:2)
  8 bats
  2 frilled lizards
  17 goblins
  11 rats
83 creatures vanquished.

Notes
Turn   | Place    | Note
-------+----------+-------------------------------------------
     0 | D:1      | Schiappus the Demonspawn Berserker began the quest for the Orb.
     0 | D:1      | Reached XP level 1. HP: 18/18 MP: 1/1
   356 | D:1      | Gained mutation: Your flesh is cold resistant. (rC+) [demonic ancestry]
   356 | D:1      | Reached XP level 2. HP: 18/24 MP: 2/2
   976 | D:1      | Reached ** piety under Trog
  1004 | D:1      | Gained mutation: You are partially covered in sharp spines. [demonic ancestry]
  1004 | D:1      | Reached XP level 3. HP: 22/29 MP: 3/3
  1812 | D:2      | Noticed Terence
  1843 | D:2      | Killed Terence
  1843 | D:2      | Gained mutation: You are immune to freezing clouds. [demonic ancestry]
  1843 | D:2      | Reached XP level 4. HP: 25/37 MP: 4/4
  1923 | D:2      | Noticed Robin
  1945 | D:2      | Killed Robin
  2582 | D:2      | Reached XP level 5. HP: 42/42 MP: 5/5
  2729 | D:3      | Reached *** piety under Trog
  2739 | D:3      | Noticed an ice beast
  2739 | D:3      | Noticed jmlagarto's ghost (amateur DsFi)
  2753 | D:3      | Killed jmlagarto's ghost
  2760 | D:3      | Killed an ice beast
  2760 | D:3      | Gained mutation: You have a pair of small antennae on your head. [demonic ancestry]
  2760 | D:3      | Reached XP level 6. HP: 7/48 MP: 6/6
  3419 | D:3      | Noticed Natasha
  3436 | D:3      | Killed from afar by a shadow imp

Skill      XL: |  1  2  3  4  5 |
---------------+----------------+-----
Axes           | 3 4 |  4.9
Dodging        | 2 3 |  3.1
Armour         | 2 |  2.4
Fighting       | 4 |  4.5
Stealth        | |  0.8

Action                   |  1- 3 |  4- 6 || total
-------------------------+-------+-------++-------
Melee: Hand axe          |   135 |    97 ||   232
       Unarmed           |       |    14 ||    14
Invok: Berserk           |       |     1 ||     1
  Use: Scroll            |       |     5 ||     5
       Potion            |       |     5 ||     5
  Eat: Chunk             |     3 |     3 ||     6
       Fruit             |       |     7 ||     7
Armor: Animal skin       |    41 |     5 ||    46
       Scale mail        |       |    18 ||    18
Dodge: Dodged            |   125 |    54 ||   179
